 Dungeon Crawl Stone Soup version 0.30-a0-347-gf58ed5266c (webtiles) character file.

Game seed: 6951181152571066395

4088 ryw the Thaumaturge (level 10, -3/58 HPs)
             Began as a Deep Elf Summoner on Nov 6, 2022.
             Was an Initiate of Gozag.
             Shot with an arrow by a centaur (15 damage)
             ... on level 8 of the Dungeon.
             The game lasted 00:29:56 (8773 turns).

ryw the Thaumaturge (Deep Elf Summoner)             Turns: 8773, Time: 00:29:57

Health: -3/58      AC:  5    Str:  5    XL:     10   Next: 5%
Magic:  22/26      EV: 15    Int: 25    God:    Gozag
Gold:   495        SH:  0    Dex: 15    Spells: 16/29 levels left

rFire   . . .      SeeInvis .    F - +5 short sword
rCold   . . .      Faith    .    (no shield)
rNeg    + . .      Spirit   .    B - +2 robe
rPois   .          Reflect  .    (no helmet)
rElec   .          Harm     .    (no cloak)
rCorr   +          Rampage  .    q - +0 pair of gloves
Will    +....                    (no boots)
Stlth   ++........               n - amulet of regeneration
HPRegen 1.09/turn                l - ring of resist corrosion
MPRegen 0.20/turn                z - ring of positive energy

@: no status effects
A: no striking features
a: Renounce Religion, Potion Petition, Call Merchant, Bribe Branch


You were on level 8 of the Dungeon.
You worshipped Gozag.
Gozag was aware of your devotion.
You visited 2 branches of the dungeon, and saw 9 of its levels.

You collected 636 gold pieces.
You paid 141 gold pieces to Gozag.

Inventory:

Hand Weapons
 E - a +2 dagger of venom
 F - a +5 short sword (weapon)
Armour
 q - a +0 pair of gloves (worn)
 B - a +2 robe (worn)
Jewellery
 l - a ring of resist corrosion (left hand)
 n - an amulet of regeneration (around neck)
 z - a ring of positive energy (right hand)
Wands
 o - a wand of paralysis (11)
 w - a wand of iceblast (9)
Scrolls
 d - a scroll of butterflies {unknown}
 e - a scroll of poison {unknown}
 f - 2 scrolls of immolation {unknown}
 h - a scroll of noise {unknown}
 i - 4 scrolls of vulnerability {unknown}
 j - 2 scrolls of blinking {unknown}
 k - a scroll of acquirement {unknown}
 s - 2 scrolls of magic mapping {unknown}
 t - a scroll of enchant weapon {unknown}
 y - a scroll of fear {unknown}
 A - a scroll of silence {unknown}
Potions
 b - 2 potions of magic
 c - 7 potions of brilliance
 g - a potion of heal wounds
 m - 9 potions of curing
 p - a potion of attraction {unknown}
 r - a potion of mutation {unknown}
 u - 2 potions of berserk rage
 v - 2 potions of flight
 x - 2 potions of lignification
 C - a potion of resistance {unknown}
 D - 2 potions of might


   Skills:
 + Level 4.6 Fighting
 + Level 7.3 Dodging
 - Level 2.4 Stealth
 - Level 10.0 Spellcasting
 - Level 5.0 Hexes
 + Level 9.0 Summonings
 + Level 4.8 Air Magic


You had 16 spell levels left.
You knew the following spells:

 Your Spells              Type           Power      Damage    Failure   Level
a - Summon Small Mammal   Summ           100%       N/A       1%          1
b - Call Imp              Summ           55%        N/A       1%          2
c - Call Canine Familiar  Summ           55%        N/A       1%          3
d - Summon Guardian Gole  Hex/Summ       47%        N/A       1%          3
e - Summon Lightning Spi  Summ/Air       47%        N/A       2%          4

Your spell library contained the following spells:

 Spells                   Type           Power      Damage    Failure   Level
 Beastly Appendage        Tmut           24%        N/A       4%          1
 Necrotise                Necr           48%        1d6       4%          1
 Dazzling Flash           Conj/Hex       50%        N/A       5%          3
 Wereblood                Tmut           12%        N/A       8%          2
 Hailstorm                Conj/Ice       12%        3d5       14%         3
 Spider Form              Tmut/Pois      12%        N/A       14%         3
 Vampiric Draining        Necr           12%        2d6       14%         3
 Silence                  Hex/Air        18%        N/A       19%         5
 Ice Form                 Ice/Tmut       12%        N/A       43%         4
 Agony                    Necr           12%        N/A       80%         5
 Simulacrum               Ice/Necr       Unusable   N/A       N/A         6

Dungeon Overview and Level Annotations

Branches:
Dungeon (8/15)             Temple (1/1) D:7            Lair (0/5) D:8

Altars:
Cheibriados
Dithmenos
Elyvilon
Fedhas
Gozag
Kikubaaqudgha
Makhleb
Okawaru
Qazlal
Ru
Trog
Vehumet
Wu Jian
Xom
Yredelemnul
Zin
The Shining One


Message History

The centaur shoots an arrow.
The arrow hits your lightning spire.
Your lightning spire is destroyed!
Your lightning spire disappears in a puff of smoke!
Casting: Summon Lightning Spire (dangerous; 2% risk of failure)
Confirm with . or Enter, or press ? or * to list all spells.
An electric hum fills the air.
The centaur shoots an arrow.
The arrow hits your lightning spire.
The centaur shoots an arrow.
The arrow hits your lightning spire.
The centaur shoots an arrow.
The arrow hits your lightning spire.
The centaur shoots an arrow.
The arrow barely misses your lightning spire.
The arrow barely misses you.
The centaur shoots an arrow.
The arrow hits your lightning spire.
The centaur shoots an arrow.
The arrow hits your lightning spire!
The centaur shoots an arrow.
The arrow hits your lightning spire!
The centaur shoots an arrow.
The arrow hits your lightning spire!
Your lightning spire shoots out a bolt of lightning at the centaur!
The bolt of electricity hits the centaur! x2
Unknown command.
The centaur shoots an arrow.
The arrow hits your lightning spire but does no damage.
The centaur shoots an arrow.
The arrow hits your lightning spire!
Your lightning spire is destroyed!
Your lightning spire disappears in a puff of smoke!
The centaur shoots an arrow.
The arrow misses you.
You start resting.
HP restored.
You start resting.
Magic restored.
The centaur shoots an arrow.
The arrow hits you!
The centaur shoots an arrow.
The arrow hits you!
The centaur shoots an arrow.
The arrow closely misses you.
Casting: Summon Lightning Spire (dangerous; 2% risk of failure)
Confirm with . or Enter, or press ? or * to list all spells.
An electric hum fills the air.
The centaur shoots an arrow.
The arrow hits you!
The centaur shoots an arrow.
The arrow hits you!
The centaur shoots an arrow.
The arrow barely misses you.
The centaur shoots an arrow.
The arrow hits you!
* * * LOW HITPOINT WARNING * * *
The centaur shoots an arrow.
The arrow hits you!
You die...
Your body crumbles into a pile of gold.

#...♣.♣P...P♣.♣....##.. ....#
####...♣P..._...P♣...#.#.#####...
.......♣.♣P...P♣.♣###.##.......##
#####..P.♣♣P.P♣♣.P##.###.##......
..###.#.PP♣♣.♣♣.P.#.####.##.##.##
...b..#≈~...P..P~~.............#
^..#..#~~.P♣♣♣P.~~.#####.#####.##
...........#.#####.# ###..8......
..##..##.......8@#.# #...########
......##...#.##.#..# ##.#≈≈≈≈≈≈#
......######.#.###.###≈≈≈≈≈≈≈≈≈≈
#####.### #>.# ##/#≈≈≈≈≈≈c.≈≈≈
#.....# #.## ##≈≈≈≈c#c##.≈≈
#.....# ##.## .≈≈≈≈..#.. ≈≈
#.....######.###.≈≈≈cc..... ≈
#.....##......#<.≈≈≈cc...>.
#.....##.####[.#≈≈≈≈.....


You could see 4 centaurs and a friendly lightning spire (summoned).

Vanquished Creatures
  A phantom (D:5)
  A giant cockroach (D:4)
  A quokka (D:2)
  A goblin (D:1)
4 creatures vanquished.

Vanquished Creatures (collateral kills)
  The ghost of bchevrier the Slicer, a novice GnWn of Jiyva (D:6)
  The ghost of muata the Conjurer, an amateur DrCj (D:4)
  2 black bears
  2 ice beasts (D:8)
  An orc warrior (D:7)
  2 ogres
  A centaur (D:8)
  2 lemures (D:7)
  A phantom (D:6)
  2 bullfrogs
  A necrophage (D:4)
  A scorpion (D:5)
  5 wights (D:8)
  2 howler monkeys (D:6)
  3 hounds
  2 jellies
  3 orc priests
  3 iguanas
  6 orc wizards
  2 gnolls (D:5)
  8 adders
  A white imp (D:7)
  2 dart slugs
  15 orcs
  4 ball pythons
  6 bats
  6 endoplasms
  3 giant cockroaches
  13 goblins
  7 hobgoblins
  3 jackals
  4 quokkas
  3 frilled lizards
  6 kobolds
  6 rats
130 creatures vanquished.

Vanquished Creatures (others)
  A two-headed ogre (D:8)
  Pikel (D:7)
  Eustachio (D:6)
  An ogre (D:4)
  A lemure (D:7)
  A gnoll sergeant (D:5)
  3 gnolls (D:5)
  An adder (D:5)
  A worm (D:5)
  An orc (D:4)
  A butterfly (D:8)
  A plant (D:7)
14 creatures vanquished.

Grand Total: 148 creatures vanquished

Notes
Turn   | Place    | Note
-------+----------+-------------------------------------------
     0 | D:1      | ryw the Deep Elf Summoner began the quest for the Orb.
     0 | D:1      | Reached XP level 1. HP: 10/10 MP: 6/6
   284 | D:1      | Reached XP level 2. HP: 15/15 MP: 5/8
   324 | D:1      | Learned a level 2 spell: Call Imp
   956 | D:1      | Reached skill level 4 in Spellcasting
  1126 | D:1      | Reached skill level 5 in Summonings
  1126 | D:1      | Reached XP level 3. HP: 19/19 MP: 10/10
  1130 | D:1      | Learned a level 3 spell: Call Canine Familiar
  1660 | D:2      | Reached XP level 4. HP: 24/24 MP: 3/12
  1827 | D:2      | Reached skill level 5 in Spellcasting
  1858 | D:2      | Learned a level 3 spell: Summon Guardian Golem
  2086 | D:2      | Found a faded altar of an unknown god.
  2442 | D:2      | Learned a level 4 spell: Summon Lightning Spire
  2766 | D:3      | Reached XP level 5. HP: 28/28 MP: 14/14
  3150 | D:4      | Noticed an ogre
  3151 | D:4      | Noticed an ogre
  3232 | D:4      | Reached skill level 1 in Hexes
  3292 | D:4      | Killed an ogre
  3293 | D:4      | Reached skill level 1 in Fighting
  3293 | D:4      | Reached XP level 6. HP: 34/34 MP: 13/16
  3345 | D:4      | Reached skill level 6 in Spellcasting
  3504 | D:4      | Found a glowing silver altar of Zin.
  3920 | D:4      | Reached XP level 7. HP: 39/39 MP: 17/19
  4037 | D:4      | Found an iron altar of Okawaru.
  4128 | D:4      | Found a large runed translucent door.
  4129 | D:4      | Found a large runed translucent door.
  4132 | D:4      | Noticed muata's ghost (amateur DrCj)
  4172 | D:4      | Found a bloodstained altar of Trog.
  4262 | D:4      | Killed muata's ghost
  4263 | D:4      | Reached skill level 7 in Spellcasting
  4352 | D:5      | Entered Level 5 of the Dungeon
  4622 | D:5      | Reached skill level 1 in Air Magic
  4791 | D:5      | Reached skill level 8 in Spellcasting
  4791 | D:5      | Reached XP level 8. HP: 41/45 MP: 16/22
  4977 | D:5      | Found a sacrificial altar of Ru.
  5259 | D:6      | Noticed Eustachio
  5281 | D:6      | Killed Eustachio
  5319 | D:6      | Reached skill level 5 in Dodging
  5465 | D:6      | Noticed bchevrier's ghost (novice GnWn)
  5467 | D:6      | Found a runed translucent door.
  5567 | D:6      | Reached skill level 9 in Spellcasting
  5940 | D:6      | Found a snail-covered altar of Cheibriados.
  5960 | D:6      | Reached skill level 5 in Hexes
  6029 | D:6      | Killed bchevrier's ghost
  6030 | D:6      | Reached XP level 9. HP: 51/51 MP: 8/24
  6362 | D:7      | Noticed Pikel
  6376 | D:7      | Killed Pikel
  6377 | D:7      | Reached skill level 10 in Spellcasting
  6616 | D:7      | Found a burning altar of Makhleb.
  6741 | D:7      | Found a staircase to the Ecumenical Temple.
  6759 | Temple   | Entered the Ecumenical Temple
  6768 | Temple   | Became a worshipper of Gozag Ym Sagoz the Greedy
  6880 | D:7      | Found a stormy altar of Qazlal.
  7218 | D:8      | Found an ornate altar of the Wu Jian Council.
  7236 | D:8      | Noticed a two-headed ogre
  7252 | D:8      | Killed a two-headed ogre
  7329 | D:8      | Found a basalt altar of Yredelemnul.
  7363 | D:8      | Found a shimmering altar of Xom.
  7368 | D:8      | Found a white marble altar of Elyvilon.
  7547 | D:8      | Reached XP level 10. HP: 58/58 MP: 26/26
  7791 | D:8      | Found a shadowy altar of Dithmenos.
  7905 | D:8      | Found a staircase to the Lair.
  8773 | D:8      | Shot with an arrow by a centaur

Illustrated notes

Levels and vault maps discovered:
D:1:      tarquinn_simple_flora_water_d, layout_loops_corners
D:2:      layout_loops_ring, dreamdust_ecumenical_altar_grove,
          minmay_pentomino_r4
D:3:      layout_basic
D:4:      layout_basic, lightli_temple_of_fire, kennysheep_mini_moat,
          mainiacjoe_overflow_chevrons, ebering_ghost_disaster_area,
          minmay_misc_feat_ornament
D:5:      layout_basic, nicolae_ru_great_annihilating_truth
D:6:      layout_basic, lemuel_doored_altar, hellmonk_ghost_happy_afterlife,
          uniq_eustachio
D:7:      layout_gridville, mainiacjoe_overflow_24_doors, grunt_qazlal_clouds,
          minmay_temple_entry_gardened_gates, minmay_tree_intersection,
          uniq_pikel
D:8:      layout_loops_cross, nicolae_dithmenos_shadow_blocks,
          mainiacjoe_overflow_concentric_impassable, overflow_temple_1_default,
          nicolae_elyvilon_peaceful_grove, amcnicky_altar_gilded, hex_medium,
          centaur_isle
Temple:   nicolae_temple_colour_theory

Skill      XL: |  1  2  3  4  5  6  7  8  9 10 |
---------------+-------------------------------+-----
Spellcasting   | 4 5 6 8 9 10 | 10.0
Summonings     | 5 6 7 8 9 |  9.0
Hexes          | 1 2 4 5 |  5.0
Fighting       | 1 2 3 4 |  4.6
Dodging        | 3 4 5 7 |  7.3
Air Magic      | 1 3 4 |  4.8
Stealth        | |  2.4

Action                   |  1- 3 |  4- 6 |  7- 9 | 10-12 || total
-------------------------+-------+-------+-------+-------++-------
Melee: Dagger            |     3 |     2 |       |     3 ||     8
       Unarmed           |     1 |       |       |       ||     1
       Short sword       |       |     5 |       |     5 ||    10
       Spear             |       |       |     7 |       ||     7
       Punch             |       |       |       |     1 ||     1
 Cast: Summon Small Mamm |    26 |     3 |     9 |       ||    38
       Call Imp          |    12 |    15 |    22 |     2 ||    51
       Call Canine Famil |     5 |    17 |    31 |     2 ||    55
       Summon Guardian G |       |    10 |    21 |     1 ||    32
       Summon Lightning  |       |       |     3 |    21 ||    24
  Use: Scroll            |       |       |     5 |     2 ||     7
 Stab: Sleeping          |       |     1 |       |       ||     1
       Distracted        |       |       |     1 |       ||     1
Armor: Robe              |     5 |     3 |     5 |     8 ||    21
Dodge: Dodged            |    13 |     9 |    16 |    49 ||    87

Table legend: (Time is in decaauts)
 A = Elapsed time spent in this place.
 B = Non-inter-level travel time spent in this place.
 C = Inter-level travel time spent in this place.
 D = Time resting spent in this place.
 E = Time spent auto-exploring this place.
 F = Levels seen in this place.
 G = Mean time per level.
                   A        B        C        D        E       F      G
               +--------+--------+--------+--------+--------+-----+--------+
         Total |   8769 |   8597 |    172 |    918 |   5650 |   9 |  974.3 |
       Dungeon |   8751 |   8586 |    165 |    918 |   5650 |   8 | 1093.9 |
        Temple |     17 |     10 |      7 |      0 |      0 |   1 |   17.0 |
               +--------+--------+--------+--------+--------+-----+--------+

Top non-repeatable levels by time:
     D:8: 1652 daAuts
     D:1: 1296 daAuts
     D:4: 1266 daAuts
     D:2: 1145 daAuts
     D:6: 1079 daAuts
     D:7: 948 daAuts
     D:5: 721 daAuts
     D:3: 641 daAuts
  Temple: 17 daAuts
